 Dungeon Crawl Stone Soup version 0.30-a0-1074-g5db6f66fbb (webtiles) character file.

Game seed: 17925250503424136059

3006 kiwi3s the Fighter (level 9, -9/123 HPs)
             Began as a Minotaur Berserker on Apr 13, 2023.
             Was an Elder of Trog.
             Mangled by a yak (14 damage)
             ... on level 7 of the Dungeon.
             The game lasted 00:08:21 (5836 turns).

kiwi3s the Fighter (Minotaur Berserker)             Turns: 5836, Time: 00:08:22

Health: -9/123     AC:  8    Str: 38    XL:     9   Next: 54%
Magic:  17/17      EV: 13    Int:  4    God:    Trog [****..]
Gold:   265        SH:  0    Dex: 10    Spells: 8/8 levels left

rFire   . . .      SeeInvis .    a - +0 hand axe
rCold   . . .      Faith    .    (no shield)
rNeg    . . .      Spirit   .    l - +0 scale mail of the Seas {+Inv MP+9 Stlth+}
rPois   .          Reflect  .    (helmet restricted)
rElec   .          Rampage  .    (no cloak)
rCorr   .                        (no gloves)
Will    .....                    (no boots) Stlth
                                 (no amulet)
HPRegen 0.40/turn                p - +6 ring of strength
MPRegen 0.15/turn                r - +6 ring of strength

@: berserking, very quick
A: horns 2, retaliatory headbutt
a: Renounce Religion, Evoke Invisibility, Berserk, Trog's Hand, Brothers in Arms


You were on level 7 of the Dungeon.
You worshipped Trog.
Trog was greatly pleased with you.
You visited 1 branch of the dungeon, and saw 7 of its levels.

You collected 265 gold pieces.

Inventory:

Hand Weapons
 a - a +0 hand axe (weapon)
 g - a +0 war axe
Missiles
 w - a throwing net (quivered)
Armour
 b - a +0 animal skin
 h - a +0 leather armour
 l - the +0 scale mail of the Seas (worn) {+Inv MP+9 Stlth+}
   (You found it on level 2 of the Dungeon)

   MP:        It affects your magic capacity (+9).
   +Inv:      It lets you turn invisible.
   Stlth:     It makes you more stealthy.
Jewellery
 p - a +6 ring of strength (left hand)
 r - a +6 ring of strength (right hand)
 x - a +6 ring of strength
Wands
 u - a wand of flame (27)
Scrolls
 c - a scroll of enchant armour {unknown}
 d - 2 scrolls of identify
 e - 4 scrolls of amnesia {unknown}
 f - 3 scrolls of teleportation
 k - 2 scrolls of fog {unknown}
 n - 3 scrolls of blinking {unknown}
 q - 2 scrolls of immolation {unknown}
 s - 2 scrolls of enchant weapon {unknown}
 t - 2 scrolls of silence {unknown}
 y - a scroll of noise {unknown}
Potions
 i - 2 potions of lignification
 j - a potion of berserk rage {unknown}
 m - 2 potions of might {unknown}
 o - a potion of ambrosia {unknown}
 v - 2 potions of brilliance {unknown}
 z - 2 potions of cancellation {unknown}
 A - a potion of curing
 B - a potion of degeneration {unknown}
 C - a potion of resistance {unknown}
 D - a potion of attraction {unknown}
 E - a potion of flight {unknown}


   Skills:
 + Level 8.8 Fighting
 + Level 8.8 Axes
 + Level 8.3 Armour
 + Level 7.6 Dodging


You had 8 spell levels left.
You didn't know any spells.
Your spell library was empty.

Dungeon Overview and Level Annotations

Branches:
Dungeon (7/15)
 Temple: D:4-7

Altars:
Gozag
Makhleb
Nemelex Xobeh
Qazlal
Trog

Shops:
D:2 (


Innate Abilities, Weirdness & Mutations

You have a pair of horns on your head.
You reflexively headbutt those who attack you in melee.


Message History

You barely miss the yak. You headbutt the yak!
The yak is severely wounded.
You barely miss the yak. You closely miss the yak. The yak closely misses you.
You furiously retaliate!
You headbutt the yak! The yak gores you! The yak barely misses you.
You furiously retaliate!
You headbutt the yak!
You are too injured to fight recklessly!
You are too injured to fight recklessly!
Things that are here:
a +2 longbow of electrocution; a yak corpse You are too injured to fight recklessly!
You are too injured to fight recklessly!
You slash the yak! You headbutt the yak!
The yak is severely wounded.
The yak gores you!
* * * LOW HITPOINT WARNING * * *
You are too injured to fight recklessly!
You closely miss the yak. You headbutt the yak.
The yak is almost dead.
The yak closely misses you. You furiously retaliate!
You headbutt the yak!
You kill the yak!
Trog accepts your kill.
You closely miss the yak. You headbutt the yak!
The yak is almost dead.
The yak gores you!
* * * LOW HITPOINT WARNING * * *
You barely miss the yak.
The yak is almost dead.
You are too injured to fight recklessly!
You hit the yak but do no damage.
The yak is almost dead.
The yak barely misses you.
You are too injured to fight recklessly!
You hit the yak but do no damage.
The yak is almost dead.
The yak gores you!
* * * LOW HITPOINT WARNING * * *
You are too injured to fight recklessly!
A red film seems to cover your vision as you go berserk!
You feel yourself moving faster!
You feel mighty! The yak gores you!
You die...

#### #...######
#YY@...# ######
#...####.#
#..... ##.# #.#
#.#### #. #.#
#.##.. #
#.########.##.#
#.#..<.......(#
#..............
###.######.####
#.# #.#


You could see 2 yaks.

Vanquished Creatures
  Grinder (D:5)
  4 yaks (D:7)
  An ice beast (D:7)
  2 black bears
  2 orc warriors
  4 ogres
  2 phantoms (D:6)
  4 scorpions
  A gnoll sergeant (D:5)
  4 hounds
  2 jellies
  3 orc priests (D:5)
  A gnoll bouda (D:5)
  A sleepcap (D:6)
  2 iguanas
  5 orc wizards
  4 adders
  20 gnolls
  9 shadow imps (D:5)
  6 white imps (D:5)
  5 ufetubi (D:5)
  3 dart slugs
  2 worms
  10 orcs
  7 endoplasms
  13 giant cockroaches
  14 goblins
  7 hobgoblins
  3 kobolds
  7 quokkas
  9 ball pythons
  9 bats
  A frilled lizard (D:3)
  6 rats
174 creatures vanquished.

Vanquished Creatures (others)
  3 demonic plants (D:5)
  3 plants (D:4)
6 creatures vanquished.

Grand Total: 180 creatures vanquished

Notes
Turn   | Place    | Note
-------+----------+-------------------------------------------
     0 | D:1      | kiwi3s the Minotaur Berserker began the quest for the Orb.
     0 | D:1      | Reached XP level 1. HP: 19/19 MP: 0/0
   321 | D:1      | Reached XP level 2. HP: 27/27 MP: 1/1
   635 | D:2      | Noticed a scorpion
   638 | D:2      | Killed a scorpion
   639 | D:2      | Reached XP level 3. HP: 34/34 MP: 2/2
   639 | D:2      | Reached XP level 4. HP: 41/41 MP: 3/3
   649 | D:2      | Identified the +0 scale mail of the Seas {+Inv MP+9 Stlth+}
   831 | D:2      | Found a faded altar of an unknown god.
   865 | D:2      | Found Docih's Weapon Shop.
   867 | D:2      | Reached ** piety under Trog
   969 | D:2      | Reached XP level 5. HP: 22/47 MP: 4/4
  1683 | D:3      | Found an opulent altar of Gozag.
  1796 | D:3      | Noticed an ogre
  1805 | D:3      | Reached skill level 5 in Axes
  1809 | D:3      | Killed an ogre
  1810 | D:3      | Reached skill level 5 in Fighting
  1810 | D:3      | Reached XP level 6. HP: 28/56 MP: 5/5
  2005 | D:3      | Reached *** piety under Trog
  2708 | D:5      | Entered Level 5 of the Dungeon
  2727 | D:5      | Noticed an orc warrior
  2735 | D:5      | Killed an orc warrior
  2736 | D:5      | Reached skill level 5 in Armour
  2736 | D:5      | Reached XP level 7. HP: 38/62 MP: 6/6
  2756 | D:5      | Reached skill level 5 in Dodging
  3108 | D:5      | Found a bloodstained altar of Trog.
  3375 | D:5      | Reached XP level 8. HP: 25/71 MP: 7/7
  3720 | D:5      | Reached **** piety under Trog
  4000 | D:5      | Found a burning altar of Makhleb.
  4347 | D:5      | Noticed Grinder
  4351 | D:5      | Paralysed by Grinder for 4 turns
  4358 | D:5      | Killed Grinder
  5187 | D:6      | Reached XP level 9. HP: 73/81 MP: 8/8
  5323 | D:6      | Found a sparkling altar of Nemelex Xobeh.
  5594 | D:6      | Found a stormy altar of Qazlal.
  5835 | D:7      | HP: 3/82 [yak (13)]
  5836 | D:7      | Mangled by a yak

Illustrated notes

Levels and vault maps discovered:
D:1:      nzn_arrival_crosshair, layout_basic, moated_statue
D:2:      minmay_roachtagon, layout_rooms, serial_shops,
          nicolae_shop_bloodbath_and_beyond, hellmonk_ecumenical_altar_run_dry,
          chequers_arboretum
D:3:      layout_loops_ring, lemuel_coloured_pillars_altar,
          small_statue_intersection, minmay_ogre_servants
D:4:      layout_basic, serial_bayou, serial_bayou_crossing,
          serial_bayou_lagoon_a, serial_bayou_ford_a, serial_bayou_shore_b,
          serial_bayou_pond_e
D:5:      layout_loops_corners, mainiacjoe_overflow_chevrons, lemuel_tele_altar,
          serial_demonic, serial_demonic_d, serial_demonic_g, serial_demonic_f,
          serial_demonic_d, serial_demonic_a, serial_demonic_e,
          serial_demonic_e, serial_demonic_b, serial_demonic_b,
          serial_demonic_g, uniq_grinder
D:6:      minmay_spotlight, layout_cave_pools, old_standard_altar,
          mainiacjoe_overflow_alcove_1
D:7:      layout_loops_ring, temple_hall

Skill      XL: |  1  2  3  4  5  6  7  8  9 |
---------------+----------------------------+-----
Fighting       | 4 5 6 7 8 |  8.8
Axes           | 4 5 6 7 8 |  8.8
Armour         | 3 4 5 6 7 8 |  8.3
Dodging        | 3 4 5 6 7 |  7.6

Action                     |  1- 3 |  4- 6 |  7- 9 || total
---------------------------+-------+-------+-------++-------
  Melee: Hand axe          |     9 |       |   194 ||   203
         War axe           |    15 |   138 |    28 ||   181
         Headbutt          |     3 |    17 |    47 ||    67
         Punch             |       |       |     1 ||     1
 Invoke: Berserk           |       |     3 |     3 ||     6
    Use: Potion            |       |       |     4 ||     4
         Scroll            |       |       |     1 ||     1
 Armour: Animal skin       |     2 |       |       ||     2
         Leather armour    |     2 |       |       ||     2
         Scale mail        |       |    64 |   100 ||   164
         Skin              |       |       |    24 ||    24
  Dodge: Dodged            |    20 |    80 |   153 ||   253

Table legend: (Time is in decaauts)
 A = Elapsed time spent in this place.
 B = Non-inter-level travel time spent in this place.
 C = Inter-level travel time spent in this place.
 D = Time resting spent in this place.
 E = Time spent auto-exploring this place.
 F = Levels seen in this place.
 G = Mean time per level.
                   A        B        C        D        E       F      G
               +--------+--------+--------+--------+--------+-----+--------+
         Total |   5945 |   5816 |    129 |    938 |   3989 |   7 |  849.3 |
       Dungeon |   5945 |   5816 |    129 |    938 |   3989 |   7 |  849.3 |
               +--------+--------+--------+--------+--------+-----+--------+

Top non-repeatable levels by time:
     D:5: 2104 daAuts
     D:3: 868 daAuts
     D:6: 831 daAuts
     D:2: 666 daAuts
     D:4: 637 daAuts
     D:1: 620 daAuts
     D:7: 216 daAuts
